 Dungeon Crawl Stone Soup version 0.19.0-2-gae57169 (webtiles) character file.

88 GhostOfComunism the Insei (level 4, 0/36 HPs)
             Began as a Draconian Transmuter on Nov 5, 2016.
             Succumbed to an orc's poison
             ... on level 3 of the Dungeon.
             The game lasted 00:13:13 (1561 turns).

GhostOfComunism the Insei (Draconian Transmuter)    Turns: 1561, Time: 00:13:13

Health: 0/36       AC:  5    Str: 12    XL:     4   Next: 29%
Magic:  3/8        EV: 12    Int: 14    God:
Gold:   172        SH:  0    Dex: 12    Spells: 3 memorised, 2 levels left

rFire  . . .     SeeInvis .       - Unarmed
rCold  . . .     Gourm    .     (armour unavailable)
rNeg   . . .     Faith    .     (no shield)
rPois  .         Spirit   .     (helmet restricted)
rElec  .         Reflect  .     (no cloak)
rCorr  .         Harm     .     (no gloves)
MR     .....                    (no boots)
Stlth  +.........               d - amulet of regeneration
                                (no ring)
                                (no ring)

@: lethally poisoned (0 -> 0)
A: unfitting armour, cold-blooded, AC +5
a: no special abilities


You were on level 3 of the Dungeon.
You were very full.

You visited 1 branch of the dungeon, and saw 3 of its levels.

You collected 172 gold pieces.

Inventory:

Missiles
 a - 81 arrows
Jewellery
 d - an amulet of regeneration (around neck)
Scrolls
 j - 3 scrolls of identify
 k - a scroll of blinking
 l - 5 scrolls of remove curse
Potions
 e - a potion of brilliance
 h - a potion of might
Books
 b - a book of Changes

   Spells                             Type                      Level
   a - Beastly Appendage              Transmutation                1
   b - Sticks to Snakes               Transmutation                2
   c - Spider Form                    Transmutation/Poison         3
   d - Ice Form                       Ice/Transmutation            4
   e - Blade Hands                    Transmutation                5
Comestibles
 c - 2 bread rations
 f - 2 beef jerkies


   Skills:
 + Level 1.8 Fighting
 + Level 2.2 Dodging
 + Level 3.5 Unarmed Combat
 + Level 2.7 Spellcasting
 + Level 2.4 Transmutations
 - Level 1.0 Poison Magic


You had 2 spell levels left.
You knew the following spells:

 Your Spells              Type           Power        Failure   Level  Hunger
a - Beastly Appendage     Tmut           #.....       10%         1    #......
b - Sticks to Snakes      Tmut           #.......     14%         2    ###....
c - Spider Form           Tmut/Pois      #.........   38%         3    ###....


Dungeon Overview and Level Annotations

Branches:
Dungeon (3/15)

Altars:


Innate Abilities, Weirdness & Mutations

Your plain brown scales are hard. (AC +5)
You cannot fit into any form of body armour.
You are cold-blooded and may be slowed by cold attacks.


Message History

Your ball python bites the orc.
Your ball python constricts the orc.
The orc dies!
* * * LOW HITPOINT WARNING * * *
You feel sick.
* * * LOW HITPOINT WARNING * * *
You feel sick.
You are alive.
You are lethally poisoned (1 -> 0).
Your movement speed is average.
Your attack speed is above average.
You are alive.
You are lethally poisoned (1 -> 0).
Your movement speed is average.
Your attack speed is above average.
The orc priest misses your ball python.
Your ball python barely misses the orc priest.
Your ball python closely misses the orc priest.
* * * LOW HITPOINT WARNING * * *
You feel sick.
Your ball python completely misses the orc priest.
Your ball python grabs the orc priest.
Your ball python constricts the orc priest.
The orc priest misses your ball python.
You die...

.. .# .. .# #. .#### ####
.##....# #.. S....#.# #
#.###########......#
#+#+#.###.....@.....<....#
......)oS######.....†....##.
.....###......#........>....#
... #..###.#.............+ .
#.... #........###### ##.#.#
##......(# ...# #.......#
##.# #...)...# . #.......#


You could see an orc priest and a friendly ball python.

Vanquished Creatures
  3 adders
  An ooze (D:3)
  A worm (D:2)
  3 dart slugs (D:1)
  A leopard gecko (D:2)
  3 orcs (D:3)
  A goblin (D:1)
  A hobgoblin (D:2)
  8 jackals (D:2)
  4 kobolds
  A quokka (D:2)
  6 bats
  A frilled lizard (D:1)
  6 rats
40 creatures vanquished.

Vanquished Creatures (collateral kills)
  A worm (D:2)
  A dart slug (D:1)
  An orc (D:3)
  A frilled lizard (D:3)
4 creatures vanquished.

Grand Total: 44 creatures vanquished

Notes
Turn   | Place    | Note
-------+----------+-------------------------------------------
     0 | D:1      | GhostOfComunism the Draconian Transmuter began the quest for the Orb.
     0 | D:1      | Reached XP level 1. HP: 16/16 MP: 3/3
   180 | D:1      | Reached XP level 2. HP: 23/23 MP: 3/5
   184 | D:1      | Learned a level 2 spell: Sticks to Snakes
   620 | D:2      | Reached XP level 3. HP: 23/28 MP: 1/6
   625 | D:2      | Learned a level 3 spell: Spider Form
  1017 | D:2      | Reached skill level 1 in Poison Magic
  1501 | D:3      | Reached XP level 4. HP: 33/35 MP: 6/8
  1557 | D:3      | HP: 1/36 [poisoned by an orc]
  1561 | D:3      | Succumbed to an orc's poison

Skill      XL: |  1  2  3 |
---------------+----------+-----
Dodging        | 2 |  2.2
Poison Magic   | 1 |  1.0
Fighting       | |  1.8
Unarmed Combat | |  3.5
Spellcasting   | |  2.7
Transmutations | |  2.4

Action                   |  1- 3 |  4- 6 || total
-------------------------+-------+-------++-------
Melee: Unarmed           |    96 |    15 ||   111
       Tailslap          |     7 |       ||     7
       Headbutt          |     7 |       ||     7
       Kick              |     4 |       ||     4
       Punch             |     1 |       ||     1
 Cast: Beastly Appendage |    17 |     1 ||    18
       Sticks to Snakes  |     4 |     2 ||     6
       Spider Form       |     3 |     1 ||     4
  Use: Scroll            |     7 |       ||     7
       Potion            |     3 |       ||     3
 Stab: Sleeping          |     1 |       ||     1
  Eat: Fruit             |     4 |       ||     4
       Meat ration       |     1 |       ||     1
       Chunk             |     1 |       ||     1
Armor: Skin              |    35 |     1 ||    36
Dodge: Dodged            |    54 |    12 ||    66
